 Dungeon Crawl Stone Soup version 0.29.1-12-g30fa7ad0bf (webtiles) character file.

Game seed: 13732785929815188029

457 soggyman666 the Shield-Bearer (level 6, -2/56 HPs)
             Began as a Minotaur Fighter on Dec 29, 2022.
             Slain by a gnoll
             ... wielding a +0 spear of venom
              (3 damage)
             ... on level 4 of the Dungeon.
             The game lasted 00:05:13 (2513 turns).

soggyman666 the Shield-Bearer (Minotaur Fighter)    Turns: 2513, Time: 00:05:15

Health: -2/56      AC: 12    Str: 21 (23) XL:     6   Next: 77%
Magic:  5/5        EV:  6    Int:  2 (5)  God:
Gold:   137        SH:  4    Dex:  6 (9)  Spells: 5/5 levels left

rFire   . . .      SeeInvis .   a - +0 war axe
rCold   . . .      Faith    .   c - +0 buckler
rNeg    . . .      Spirit   .   h - +0 plate armour
rPois   .          Reflect  .   (helmet restricted)
rElec   .          Harm     .   (no cloak)
rCorr   .          Rampage  .   (no gloves)
Will    .....                   (no boots)
Stlth   ..........              (no amulet)
HPRegen 0.18/turn               (no ring)
MPRegen 0.09/turn               (no ring)

@: lethally poisoned (-2 -> -9)
A: horns 2, retaliatory headbutt
a: no special abilities


You were on level 4 of the Dungeon.
You visited 1 branch of the dungeon, and saw 4 of its levels.

You collected 137 gold pieces.

Inventory:

Hand Weapons
 a - a +0 war axe (weapon)
 n - the +11 flail of Itaxioth {drain, rPois rF- Str+5}
   (You found it on level 2 of the Dungeon)

   A truly terrible weapon, it drains the life of any living foe it strikes.
   Str:       It affects your strength (+5).
   rF:        It makes you vulnerable to fire.
   rPois:     It protects you from poison.
Missiles
 o - 3 javelins (quivered)
Armour
 c - a +0 buckler (worn)
 h - a +0 plate armour (worn)
Scrolls
 b - a scroll of enchant armour {unknown}
 e - a scroll of amnesia {unknown}
 g - a scroll of identify {unknown}
 i - a scroll of butterflies
 j - a scroll of blinking {unknown}
 m - a scroll of vulnerability {unknown}
 q - a scroll of acquirement {unknown}
 r - a scroll of enchant weapon {unknown}
 u - a scroll of brand weapon {unknown}
Potions
 d - 2 potions of might
 f - 2 potions of curing
 k - 4 potions of degeneration
 p - a potion of attraction {unknown}
 s - a potion of lignification {unknown}
 t - a potion of heal wounds {unknown}


   Skills:
 + Level 5.0 Fighting
 + Level 4.5 Axes
 + Level 1.9 Throwing
 + Level 5.0 Armour
 + Level 2.6 Dodging
 + Level 5.2 Shields


You had 5 spell levels left.
You didn't know any spells.
Your spell library contained the following spells:

 Spells                   Type           Power      Damage    Failure   Level
 Ozocubu's Armour         Ice            0%         N/A       100%        3
 Olgreb's Toxic Radiance  Pois           0%         N/A       100%        4
 Summon Ice Beast         Ice/Summ       0%         N/A       100%        4
 Summon Mana Viper        Hex/Summ       0%         N/A       100%        5
 Monstrous Menagerie      Summ           0%         N/A       100%        7
 Ozocubu's Refrigeration  Ice            0%         4d7       100%        7
 Ignition                 Fire           0%         3d3       100%        8


Dungeon Overview and Level Annotations

Branches:
Dungeon (4/15)
 Temple: D:4-7

Altars:
Cheibriados
Dithmenos
Fedhas
Gozag
Hepliaklqana
Nemelex Xobeh
Okawaru
Vehumet
Wu Jian
Xom
Yredelemnul
Zin


Innate Abilities, Weirdness & Mutations

You have a pair of horns on your head.
You reflexively headbutt those who attack you in melee.


Message History

You feel very sick. The gnoll hits you with a +0 halberd!
A giant cockroach comes into view.
The goblin hits you but does no damage.
The gnoll hits you from afar with a +0 spear of venom.
* * * LOW HITPOINT WARNING * * *
You are lethally poisoned!
The gnoll hits you but does no damage.
You are too injured to fight recklessly!
Unknown command.
You are too injured to fight recklessly!
Unknown command.
You are too injured to fight recklessly!
You are too injured to fight recklessly!
Unknown command.
Unknown command.
It was a potion of degeneration.
There was something very wrong with that liquid.
You feel weakened.
You feel dopey.
You feel clumsy.
* * * LOW HITPOINT WARNING * * *
You feel very sick. The gnoll hits you but does no damage.
You block the gnoll's attack. The gnoll hits you but does no damage.
You are more poisoned.
The gnoll hits you from afar with a +0 spear!
* * * LOW HITPOINT WARNING * * *
The goblin hits you but does no damage.
It was a potion of curing.
You feel better. The gnoll hits you but does no damage.
The goblin hits you but does no damage. You block the gnoll's attack.
The gnoll hits you but does no damage.
You are poisoned.
The gnoll completely misses you.
Unknown command.
* * * LOW HITPOINT WARNING * * *
You feel very sick. The gnoll hits you with a +0 spear!
* * * LOW HITPOINT WARNING * * *
The goblin closely misses you. The gnoll hits you but does no damage.
The gnoll hits you from afar with a +0 spear of venom.
You die...

.# #.. .# ########
#####..#§ .#
#......###.....#§§ .#
#.............#§#§ .#
###.......##.....§._ .#
#...............#.#
.####.####.####?g.g..#§§
......##.....##.@g....#
.###..#.....†.#g.g.B###
#####.#.......#.....#
.........._...).....#
......#.......#.....#
......#.......#.....#
#####.##.....##.....#
#.####.####.##### #..
..... ..#


You could see 4 gnolls, a giant cockroach and a goblin.

Vanquished Creatures
  Sigmund (D:3)
  A bullfrog (D:4)
  A hound (D:4)
  An orc wizard (D:4)
  Robin (D:3)
  4 gnolls (D:4)
  2 adders (D:2)
  3 worms
  3 dart slugs
  5 orcs (D:4)
  6 endoplasms
  4 giant cockroaches
  12 goblins
  9 hobgoblins
  3 quokkas
  5 ball pythons
  9 bats
  4 frilled lizards
  7 kobolds
  3 rats
84 creatures vanquished.

Notes
Turn   | Place    | Note
-------+----------+-------------------------------------------
     0 | D:1      | soggyman666 the Minotaur Fighter began the quest for the
                  | Orb.
     0 | D:1      | Reached XP level 1. HP: 19/19 MP: 0/0
    71 | D:1      | Reached XP level 2. HP: 26/27 MP: 1/1
   757 | D:2      | Reached XP level 3. HP: 33/33 MP: 2/2
   900 | D:2      | Identified the +11 flail of Itaxioth {drain, rPois rF-
                  | Str+5}
  1231 | D:2      | Reached skill level 1 in Dodging
  1231 | D:2      | Reached XP level 4. HP: 40/40 MP: 3/3
  1435 | D:4      | Found a glowing silver altar of Zin.
  1435 | D:4      | Found a shimmering altar of Xom.
  1435 | D:4      | Noticed an angel
  1485 | D:4      | Noticed a bullfrog
  1486 | D:4      | Found a blossoming altar of Fedhas.
  1491 | D:4      | Killed a bullfrog
  1492 | D:4      | Reached skill level 1 in Throwing
  1492 | D:4      | Reached XP level 5. HP: 42/47 MP: 4/4
  1659 | D:3      | Found an opulent altar of Gozag.
  1660 | D:3      | Found an iron altar of Okawaru.
  1666 | D:3      | Found a sparkling altar of Nemelex Xobeh.
  1668 | D:3      | Found a basalt altar of Yredelemnul.
  1669 | D:3      | Found an ornate altar of the Wu Jian Council.
  1673 | D:3      | Found a snail-covered altar of Cheibriados.
  1676 | D:3      | Found a hazy altar of Hepliaklqana.
  1934 | D:3      | Found a faded altar of an unknown god.
  1939 | D:3      | Noticed Robin
  1959 | D:3      | Reached XP level 6. HP: 46/53 MP: 5/5
  1964 | D:3      | Killed Robin
  2117 | D:3      | Noticed Sigmund
  2125 | D:3      | Killed Sigmund
  2126 | D:3      | Reached skill level 5 in Fighting
  2126 | D:3      | Reached skill level 5 in Armour
  2126 | D:3      | Reached skill level 5 in Shields
  2260 | D:3      | Identified the +5 war axe of the Spider Nest {flame, *Slow
                  | Fragile rC+ rN++ Dex+2}
  2492 | D:4      | Found a radiant altar of Vehumet.
  2509 | D:4      | Found a shadowy altar of Dithmenos.
  2513 | D:4      | HP: 1/56 [gnoll/+0 spear (7)]
  2513 | D:4      | Slain by a gnoll

Illustrated notes

Levels and vault maps discovered:
D:1:      dpeg_arrival_windows_large_door, layout_loops_ring
D:2:      layout_loops_ring
D:3:      layout_rooms, nicolae_overflow_hallway_of_the_gods,
          ebering_ecumenical_altar_ruins, minmay_misc_feat_doors, uniq_sigmund,
          uniq_robin
D:4:      layout_basic, grunt_temple_overflow_order_and_chaos_1,
          old_standard_altar, mainiacjoe_overflow_concentric_impassable,
          grunt_dithmenos_smoke_and_mirrors, minmay_ogre_servants

Skill      XL: |  1  2  3  4  5  6 |
---------------+-------------------+-----
Fighting       | 4 5 |  5.0
Shields        | 4 5 |  5.2
Armour         | 4 5 |  5.0
Axes           | 3 4 |  4.5
Dodging        | 1 2 |  2.6
Throwing       | 1 |  1.9

Action                   |  1- 3 |  4- 6 || total
-------------------------+-------+-------++-------
Melee: War axe           |    88 |   100 ||   188
       Headbutt          |    14 |    17 ||    31
  Use: Scroll            |       |     3 ||     3
       Potion            |       |     2 ||     2
Armor: Scale mail        |     3 |       ||     3
       Plate armour      |    61 |    75 ||   136
Dodge: Dodged            |    34 |    25 ||    59
Block: Buckler           |    19 |    29 ||    48
